 Dungeon Crawl Stone Soup version 0.30.0-30-g96aa6591b8 (webtiles) character file.

Game seed: 15367150803844884682

73 Peloso the Covered (level 4, -3/40 HPs)
             Began as a Minotaur Fighter on June 27, 2023.
             Slain by a gnoll
             ... wielding a +0 halberd
              (6 damage)
             ... on level 3 of the Dungeon.
             The game lasted 00:02:26 (1677 turns).

Peloso the Covered (Minotaur Fighter)               Turns: 1677, Time: 00:02:26

Health: -3/40      AC:  9    Str: 20    XL:     4   Next: 8%
Magic:  3/3        EV:  7    Int:  5    God:
Gold:   195        SH:  9    Dex: 12    Spells: 3/3 levels left

rFire   . . .        a - +0 long sword
rCold   . . .        d - +0 kite shield
rNeg    . . .        c - +0 chain mail
rPois   .            (helmet restricted)
rElec   .            (no cloak)
rCorr   .            (no gloves)
SInv    +            (no boots)
Will    .....        (no amulet) Stlth
                     i - ring of see invisible
HPRegen 0.26/turn    (no ring)
MPRegen 0.08/turn

%: no passive effects
@: no status effects
A: horns 2, retaliatory headbutt
a: no special abilities


You were on level 3 of the Dungeon.
You visited 1 branch of the dungeon, and saw 3 of its levels.

You collected 195 gold pieces.

Inventory:

Hand Weapons
 a - a +0 long sword (weapon)
Armour
 b - a +0 scale mail
 c - a +0 chain mail (worn)
 d - a +0 kite shield (worn)
Jewellery
 i - a ring of see invisible (left hand)
Scrolls
 e - a scroll of fog {unknown}
 f - a scroll of identify {unknown}
 g - a scroll of magic mapping {unknown}
 j - a scroll of enchant armour {unknown}
 l - a scroll of teleportation {unknown}
Potions
 h - 5 potions of might
 k - 2 potions of flight {unknown}


   Skills:
 + Level 4.1 Fighting
 + Level 3.0 Long Blades
 + Level 4.6 Armour
 + Level 0.3 Dodging
 + Level 4.4 Shields


You had 3 spell levels left.
You didn't know any spells.
Your spell library contained the following spells:

 Spells                   Type           Power      Damage    Failure   Level
 Beastly Appendage        Tmut           0%         N/A       100%        1
 Wereblood                Tmut           0%         N/A       100%        2
 Spider Form              Tmut/Pois      0%         N/A       100%        3


Dungeon Overview and Level Annotations

Branches:
Dungeon (3/15)

Altars:

Shops:
D:1 *

Annotations:
D:2 1 runed translucent door, Crazy Yiuf


Innate Abilities, Weirdness & Mutations

You have a pair of horns on your head.
You reflexively headbutt those who attack you in melee.


Message History

You climb downwards.
There is a stone staircase leading up here.
Sorry, I don't know how to get there.
Found a stone staircase leading up.
There is a stone staircase leading up here.
You now have 184 gold pieces (gained 19).
You now have 195 gold pieces (gained 11).
Found a stone staircase leading down.
Found a stone staircase leading up.
l - a scroll labelled BUT QUROLO A gnoll and a ball python come into view.
The gnoll shouts!
The ball python hisses angrily.
You hear a shout!
A gnoll comes into view. It is wielding a +0 flail.
A gnoll comes into view. It is wielding a +0 halberd.
You block the ball python's attack. The ball python closely misses you.
You closely miss the ball python. Your headbutt misses the ball python.
You block the ball python's attack. The ball python barely misses you.
You closely miss the ball python. Your headbutt misses the ball python.
The ball python bites you but does no damage.
You block the ball python's attack. You block the gnoll's attack.
The ball python barely misses you. You furiously retaliate!
You headbutt the ball python!
You kill the ball python!
The gnoll hits you with a +0 halberd. The gnoll hits you but does no damage.
The gnoll hits you but does no damage.
You closely miss the gnoll. You headbutt the gnoll.
The gnoll is lightly wounded.
The gnoll hits you from afar with a +0 halberd!
The gnoll barely misses you.
The gnoll hits you from afar with a +0 halberd.
The gnoll closely misses you. You furiously retaliate!
You headbutt the gnoll. You hit the gnoll.
The gnoll is severely wounded.
The gnoll hits you from afar with a +0 halberd!
The gnoll hits you with a +0 halberd!
* * * LOW HITPOINT WARNING * * *
You hit the gnoll.
You kill the gnoll!
The gnoll hits you from afar with a +0 halberd.
You die...

#.# #.# ..⌠g #.# #
.... ##### #.# #
#g.⌠ #...# #.# #
##.. ######...####.#
# ..g.
..#.......##<# #
..##.#..........# #
#.#.#@......#### #
#.g)##...### #
#.#..##...# #
#.##..###.## # #.
#..###.# # #
#......#############
#.###...............
#.# #>##############
#.# #.


You could see a gnoll.

Vanquished Creatures
  5 gnolls
  An adder (D:2)
  2 dart slugs (D:2)
  2 ball pythons
  A bat (D:1)
  An endoplasm (D:2)
  3 goblins (D:1)
  A hobgoblin (D:1)
  A kobold (D:1)
  A quokka (D:2)
  4 frilled lizards
  3 rats
25 creatures vanquished.

Notes
Turn   | Place    | Note
-------+----------+-------------------------------------------
     0 | D:1      | Peloso the Minotaur Fighter began the quest for the Orb.
     0 | D:1      | Reached XP level 1. HP: 19/19 MP: 0/0
   156 | D:1      | Found Okodd's General Store.
   213 | D:1      | Reached XP level 2. HP: 27/27 MP: 1/1
   944 | D:2      | Reached XP level 3. HP: 29/33 MP: 2/2
  1035 | D:2      | Found a runed translucent door.
  1036 | D:2      | Noticed Crazy Yiuf
  1348 | D:2      | Reached XP level 4. HP: 39/40 MP: 3/3
  1677 | D:3      | Slain by a gnoll

Illustrated notes

Levels and vault maps discovered:
D:1:      dpeg_arrival_pond, layout_loops_cross, serial_shops,
          nicolae_shop_trees, minivault_25
D:2:      layout_loops_cross, uniq_crazy_yiuf_cottage
D:3:      layout_loops_ring, grunt_ministairs_9, nicolae_half_adder

Skill      XL: |  1  2  3  4 |
---------------+-------------+-----
Armour         | 4 |  4.6
Shields        | 4 |  4.4
Fighting       | 4 |  4.1
Long Blades    | 3 |  3.0
Dodging        | |  0.3

Action                     |  1- 3 |  4- 6 || total
---------------------------+-------+-------++-------
  Melee: Long sword        |    55 |     6 ||    61
         Headbutt          |    10 |     1 ||    11
 Armour: Scale mail        |     9 |       ||     9
         Chain mail        |     8 |     4 ||    12
  Dodge: Dodged            |    21 |     6 ||    27
  Block: Buckler           |     7 |       ||     7
         Kite shield       |    21 |     4 ||    25
